 Dungeon Crawl Stone Soup version 0.24-a0-335-g06ca16a (webtiles) character file.

Game seed: 9424422880997435703

23 mhoghedin the Chiller (level 2, 0/19 HPs)
             Began as a Mummy Ice Elementalist on May 19, 2019.
             Slain by a frilled lizard (2 damage)
             ... on level 3 of the Dungeon.
             The game lasted 00:02:31 (1542 turns).

mhoghedin the Chiller (Mummy Ice Elementalist)      Turns: 1542, Time: 00:02:32

Health: 0/19       AC:  2    Str: 11    XL:     2   Next: 75%
Magic:  4/5        EV: 12    Int: 14    God:
Gold:   45         SH:  0    Dex: 12    Spells: 3/6 levels left

rFire    x . .     SeeInvis .   b - +1 club
rCold    + . .     Gourm    .   (no shield)
rNeg     + + +     Faith    .   a - +0 robe
rPois    ∞         Spirit   .   (no helmet)
rElec    .         Reflect  .   (no cloak)
rCorr    .         Harm     .   (no gloves)
MR       .....                  (no boots)
Stlth    ++........             (no amulet)
HPRegen  0.06/turn              (no ring)
MPRegen  0.09/turn              (no ring)

@: about to teleport
A: no food or potions, fire vulnerability, cold resistance 1, negative energy
resistance 3, torment resistance, unbreathing
a: no special abilities


You were on level 3 of the Dungeon.
You were not hungry.

You visited 1 branch of the dungeon, and saw 3 of its levels.

You collected 45 gold pieces.

Inventory:

Hand Weapons
 b - a +1 club (weapon)
   (You took it off a goblin on level 1 of the Dungeon)
Armour
 a - a +0 robe (worn)


   Skills:
 - Level 1.5 Dodging
 - Level 1.5 Stealth
 - Level 2.6 Spellcasting
 - Level 0.7 Conjurations
 + Level 3.3 Ice Magic


You had 3 spell levels left.
You knew the following spells:

 Your Spells              Type           Power        Failure   Level  Hunger
a - Freeze                Ice            ##..         5%          1    N/A
x - Throw Frost           Conj/Ice       #.....       14%         2    N/A

Your spell library contained the following spells:

 Spells                   Type           Power        Failure   Level  Hunger
 Ozocubu's Armour         Chrm/Ice       #.......     32%         3    N/A
 Throw Icicle             Conj/Ice       #.......     67%         4    N/A
 Summon Ice Beast         Ice/Summ       #.......     73%         4    N/A

Dungeon Overview and Level Annotations

Branches:
Dungeon (3/15)

Altars:
Dithmenos
Makhleb
Wu Jian

Annotations:
D:2 Sigmund


Innate Abilities, Weirdness & Mutations

You do not eat or drink.
Your flesh is vulnerable to fire.
You are immune to poison.
Your flesh is cold resistant. (rC+)
You are immune to negative energy. (rN+++)
You are immune to unholy pain and torment.
You can survive without breathing.


Message History

You kill the goblin!
You now have 2/5 mp.
You start resting.
Your magical contamination has completely faded away.
Things that are here:
a +0 dagger; a goblin corpse You start resting.
Health restored: 19; MP restored: 5
Found an escape hatch in the floor.
g - a scroll labeled VANEJO FEUFRE A goblin comes into view.
It is wielding a +0 club.
What are your orders? t - Shout!
Orders for allies: a - Attack new target. r - Retreat! s - Stop attacking. g - Guard the area. f - Follow me.
Anything else - Cancel.
You shout for attention!
The goblin shouts!
Aim: a goblin, wielding a +0 club You freeze the goblin.
The goblin barely misses you.
You now have 4/5 mp.
Aim: a goblin, wielding a +0 club (moderately wounded)
You freeze the goblin.
You kill the goblin!
You now have 3/5 mp.
Things that are here:
a +0 club; a goblin corpse You now have 45 gold pieces (gained 9).
You see here 18 arrows.
Sigmund the Dreaded comes into view.
He is wielding a +0 scythe.
MP restored: 5
Aim: Sigmund, wielding a +0 scythe and wearing a +0 robe (hasn't noticed you)
The puff of frost hits Sigmund.
Sigmund shouts!
You now have 3/5 mp.
Aim: Sigmund, wielding a +0 scythe and wearing a +0 robe (lightly wounded)
The puff of frost hits Sigmund.
You now have 1/5 mp.
Sigmund drinks a potion.
Sigmund seems to speed up.
You aren't carrying any items that you can evoke.
You can't drink.
Sigmund casts a spell at you. The puff of flame hits you.
The fire burns you terribly!
You take 6 damage, and have 13/19 hp.
MASSIVE DAMAGE!!
Sigmund casts a spell at you. The magic dart hits you.
You take 6 damage, and have 8/19 hp.
MASSIVE DAMAGE!!
Sigmund misses you.
There is an escape hatch in the floor here.
Sigmund closely misses you.
You slide downwards.
The hatch slams shut behind you.
A frilled lizard, 2 goblins and a hobgoblin come into view.
Found a stone staircase leading up.
A ball python comes into view.
The goblin shouts!
The ball python hisses angrily.
You hear an angry hiss.
The ball python moves out of view.
You hear an angry hiss.
An adder comes into view.
A ball python comes into view.
As you read the scroll labeled FEUNKO APONOE, it crumbles to dust.
It is a scroll of enchant weapon.
Your +0 club glows red for a moment.
An adder comes into view.
The goblin closely misses you.
As you read the scroll labeled OMEILY COCERRE, it crumbles to dust.
You experience a momentary feeling of inescapable doom!
It was a scroll of random uselessness.
The ball python bites you but does no damage.
The ball python grabs you. The ball python constricts you.
The frilled lizard bites you but does no damage.
The goblin hits you with a +0 club.
* * * LOW HITPOINT WARNING * * *
You take 3 damage, and have 5/19 hp.
As you read the scroll labeled USUAD OQEXT, it crumbles to dust.
It is a scroll of amnesia.
Okay, then.
The ball python closely misses you.
* * * LOW HITPOINT WARNING * * *
The ball python constricts you. The frilled lizard closely misses you.
Unknown command.
Unknown command.
As you read the scroll labeled VANEJO FEUFRE, it crumbles to dust.
It is a scroll of identify.
f - a scroll of teleportation The ball python barely misses you.
The ball python constricts you. The goblin hits you but does no damage.
The hobgoblin misses you. The frilled lizard bites you.
* * * LOW HITPOINT WARNING * * *
The ball python bites you.
* * * LOW HITPOINT WARNING * * *
The ball python constricts you.
You take 3 damage, and have 2/19 hp.
As you read the scroll of teleportation, it crumbles to dust.
You feel strangely unstable. The ball python loses its grip on you.
The goblin barely misses you. The hobgoblin completely misses you.
The frilled lizard bites you.
You die...

...... #......
....^.. # .......
#.## .......
..... ..... <
..#..S####..#....
.....SS@lg.......
..#...#gg...####.
.....#..S....#
..## #.......# #
#.........
#........##
......####
..#.....


You could see 2 adders, a hobgoblin, 2 goblins, 2 ball pythons and a frilled
lizard.

Vanquished Creatures
  A leopard gecko (D:1)
  2 bats (D:2)
  4 goblins
  2 hobgoblins (D:1)
  2 jackals (D:2)
  A ball python (D:2)
  2 frilled lizards
  3 kobolds
  4 rats
21 creatures vanquished.

Notes
Turn   | Place    | Note
-------+----------+-------------------------------------------
     0 | D:1      | mhoghedin the Mummy Ice Elementalist began the quest for
                  | the Orb.
     0 | D:1      | Reached XP level 1. HP: 13/13 MP: 4/4
   399 | D:1      | Reached XP level 2. HP: 17/19 MP: 1/5
   401 | D:1      | Reached skill level 3 in Ice Magic
  1228 | D:2      | Found a burning altar of Makhleb.
  1228 | D:2      | Found an ornate altar of the Wu Jian Council.
  1240 | D:2      | Learned a level 2 spell: Throw Frost
  1396 | D:2      | Found a shadowy altar of Dithmenos.
  1507 | D:2      | Noticed Sigmund
  1541 | D:3      | HP: 4/19 [frilled lizard (1)]
  1542 | D:3      | Slain by a frilled lizard

Levels and vault maps discovered:
D:1:      lightli_arrival_windingriver, layout_basic
D:2:      layout_basic, nicolae_dithmenos_shadow_blocks,
          grunt_temple_overflow_open, first_ration, uniq_sigmund, uniq_natasha
D:3:      layout_rooms

Skill      XL: |  1  2 |
---------------+-------+-----
Ice Magic      | 3 |  3.3
Dodging        | |  1.5
Stealth        | |  1.5
Spellcasting   | |  2.6
Conjurations   | |  0.7

Action                   || total
-------------------------++-------
Melee: Club              ||     7
 Cast: Freeze            ||    35
       Throw Frost       ||     2
  Use: Scroll            ||     5
Armor: Robe              ||    13
Dodge: Dodged            ||    42

Table legend:
 A = Non-vault XP
 B = Vault XP
 C = Vault XP percentage of total XP
 D = Non-vault monster count
 E = Vault monster count
 F = Vault count percentage of total count
                 A         B        C        D         E       F
            +---------+---------+-------+---------+---------+-------
      Total |      34 |       0 |   0.0 |      21 |       0 |   0.0
            +---------+---------+-------+---------+---------+-------
        D:1 |      17 |       0 |   0.0 |      11 |       0 |   0.0
        D:2 |      17 |       0 |   0.0 |      10 |       0 |   0.0
            +---------+---------+-------+---------+---------+-------

Levels and vault maps discovered:
D:1:      lightli_arrival_windingriver, layout_basic
D:2:      layout_basic, nicolae_dithmenos_shadow_blocks,
          grunt_temple_overflow_open, first_ration, uniq_sigmund, uniq_natasha
D:3:      layout_rooms

Table legend:
 A = Turns spent in this place as a percentage of turns spent in the entire game.
 B = Non-inter-level travel turns spent in this place as a percentage of non-inter-level travel turns spent in the entire game.
 C = Inter-level travel turns spent in this place as a percentage of turns spent in this place.
 D = Turns resting spent in this place as a percentage of non-inter-level travel turns spent in this place.
 E = Turns spent auto-exploring this place as a percentage of non-inter-level travel turns spent in this place.
 F = Non-inter-level travel turns spent in this place divided by the number of levels of this place that you've seen.
                   A       B       C       D       E      F
               +-------+-------+-------+-------+-------+----------------------
         Total | 100.0 | 100.0 |   1.0 |  33.1 |  52.6 | 509.0
       Dungeon | 100.0 | 100.0 |   1.0 |  33.1 |  52.6 | 509.0
               +-------+-------+-------+-------+-------+----------------------

Table legend:
 A = Kills in this place as a percentage of kills in entire the game.
 B = Kills by you in this place as a percentage of kills by you in the entire game.
 C = Kills by friends in this place as a percentage of kills by friends in the entire game.
 D = Other kills in this place as a percentage of other kills in the entire game.
 E = Experience gained in this place as a percentage of experience gained in the entire game.
 F = Experience gained in this place divided by the number of levels of this place that you have seen.
                   A       B       C       D       E      F
               +-------+-------+-------+-------+-------+----------------------
         Total | 100.0 | 100.0 |   N/A |   N/A | 100.0 |  11.3
       Dungeon | 100.0 | 100.0 |   N/A |   N/A | 100.0 |  11.3
               +-------+-------+-------+-------+-------+----------------------
